 Dungeon Crawl Stone Soup version 0.28-a0-479-g5baa6b73be (webtiles) character file.

Game seed: 7829595151931005955

102 ziggurnaut the Ducker (level 5, -2/37 HPs)
             Began as a Djinni Fire Elementalist on Sept 17, 2021.
             Was a Believer of Wu Jian.
             Slain by an iguana (12 damage)
             ... on level 3 of the Dungeon on Sept 18, 2021.
             The game lasted 00:04:42 (2937 turns).

ziggurnaut the Ducker (Djinni Fire Elementalist)    Turns: 2937, Time: 00:04:43

Health: -2/37      AC:  2    Str:  7    XL:     5   Next: 5%
Gold:   72         EV:  7    Int: 17    God:    Wu Jian [**....] SH:  0 Dex: 14

rFire   + + .      SeeInvis .   e - +0 dagger
rCold   x . .      Faith    .   (no shield)
rNeg    . . .      Spirit   .   a - +0 robe
rPois   ∞          Reflect  .   (no helmet)
rElec   .          Harm     .   (no cloak)
rCorr   .          Rampage  .   (no gloves)
Will    .....                   (boots unavailable)
Stlth   ++........              (no amulet)
HPRegen 0.12/turn               (no ring)
MPRegen 0.00/turn               (no ring)

@: flying, held
A: sickness immunity, fire resistance 2, cold vulnerability 1, float, innate
caster, hp casting, extra vitality 1
a: Renounce Religion, Wall Jump


You were on level 3 of the Dungeon.
You worshipped Wu Jian.
Wu Jian was pleased with you.
You visited 1 branch of the dungeon, and saw 3 of its levels.

You collected 72 gold pieces.

Inventory:

Hand Weapons
 e - a +0 dagger (weapon)
Armour
 a - a +0 robe (worn)
Scrolls
 c - 2 scrolls of identify {unknown}
 d - a scroll of acquirement {unknown}
 i - a scroll of blinking {unknown}
 j - a scroll of teleportation {unknown}
 k - a scroll of enchant armour {unknown}
 l - a scroll of amnesia {unknown}
Potions
 b - 2 potions of attraction {unknown}
 f - 2 potions of curing {unknown}
 g - a potion of invisibility {unknown}
 h - 2 potions of berserk rage {unknown}
 m - a potion of brilliance {unknown}
 n - a potion of mutation {unknown}


   Skills:
 + Level 1.3 Fighting
 + Level 3.4 Dodging
 - Level 2.3 Stealth
 + Level 3.1 Spellcasting


You couldn't memorise any spells.
You knew the following spells:

 Your Spells              Type           Power      Damage    Failure   Level
a - Foxfire               Conj/Fire      52%        2x1d6     4%          1
e - Conjure Flame         Conj/Fire      13%        6-21      14%         3
f - Scorch                Fire           26%        2d6       8%          2
h - Inner Flame           Hex/Fire       13%        N/A       14%         3
q - Sting                 Tmut/Pois      52%        1d5       4%          1
r - Corpse Rot            Necr/Air       N/A        N/A       8%          2
w - Flame Wave            Conj/Fire      13%        3d5       43%         4
Your spell library was empty.

Dungeon Overview and Level Annotations

Branches:
Dungeon (3/15)

Altars:
Wu Jian


Innate Abilities, Weirdness & Mutations

You are immune to sickness and miasma.
You are immune to poison.
Your flesh is very heat resistant. (rF++)
You are vulnerable to cold. (rC-)
You float through the air rather than walking.
You learn spells naturally, not from books.
Your magical power is your life essence.
You have superior vitality. (+4 HP)


Message History

Confirm with . or Enter, or press ? or * to list all spells.
You conjure some foxfire!
The foxfire hits the gnoll.
The gnoll is moderately wounded.
The foxfire hits the iguana.
The iguana is moderately wounded.
The foxfire hits the iguana.
The iguana is heavily wounded.
The iguana bites you!
Unknown command.
Unknown command.
You tear a large gash into the net.
The iguana bites you.
Casting: Foxfire (safe; 4% risk of failure)
Confirm with . or Enter, or press ? or * to list all spells.
Flames lash the gnoll.
The gnoll is almost dead.
The gnoll's fire resistance burns away.
* * * LOW HITPOINT WARNING * * *
You hear a shout! x2
The iguana bites you!
* * * LOW HITPOINT WARNING * * *
Save game and exit?
Options error: Delay interrupt name "hungry" not recognised. (~/.crawlrc:1172) Welcome back, ziggurnaut the Djinni Fire Elementalist.
The Council says: Follow the path of wisdom and battle!
Press ? for a list of commands and other information.
AUTOQUIT IS NOT ENABLED!
Type p AUTOQUIT IS NOT ENABLED!
Type p AUTOQUIT IS NOT ENABLED!
Type p Lua error: [string "/dgldir/rcfiles/crawl-git/ziggurnaut.rc"]:787: bad argument #1 to 'char' (invalid value)
Okay, then.
Cast which spell? (? or * to list) Flames lash the gnoll.
The gnoll is burned terribly!
You kill the gnoll!
* * * LOW HITPOINT WARNING * * *
A gnoll comes into view. It is wielding a +0 whip.
The iguana bites you!
You die...

#....# #..............
####....#
#........†.#.#.
#.......###...#.#.#.....
............###.#......#
..........##..........##
..............#......##
......................
........(.######...##.#
<....§.§#@#
........l........
........#..)..>..
.......#........
.......#....>...
.......#.##.###.
.....<.#.# .g .... ...
...


You could see an iguana and a gnoll.

Vanquished Creatures
  Natasha (D:2)
  A gnoll (D:3)
  3 adders (D:2)
  An orc (D:3)
  A ball python (D:2)
  5 endoplasms
  3 giant cockroaches (D:1)
  3 hobgoblins
  2 jackals (D:1)
  8 quokkas
  7 bats
  3 frilled lizards
  5 goblins
  4 kobolds
  A rat (D:1)
48 creatures vanquished.

Vanquished Creatures (others)
  114 foxfires
114 creatures vanquished.

Grand Total: 162 creatures vanquished

Notes
Turn   | Place    | Note
-------+----------+-------------------------------------------
     0 | D:1      | ziggurnaut the Djinni Fire Elementalist began the quest for
                  | the Orb.
     0 | D:1      | Reached XP level 1. HP: 15/15 MP: 0/0
    93 | D:1      | Found a faded altar of an unknown god.
   112 | D:1      | Reached XP level 2. HP: 7/21 MP: 0/0
  1128 | D:1      | Reached XP level 3. HP: 23/25 MP: 0/0
  1128 | D:1      | Learned a level 1 spell: Sting
  1279 | D:1      | Became a worshipper of the Wu Jian Council
  1279 | D:1      | Reached * piety under Wu Jian
  1849 | D:2      | Reached XP level 4. HP: 29/31 MP: 0/0
  2519 | D:2      | Noticed Natasha
  2521 | D:2      | Killed Natasha
  2522 | D:2      | Reached skill level 1 in Fighting
  2805 | D:3      | Reached XP level 5. HP: 31/37 MP: 0/0
  2805 | D:3      | Learned a level 2 spell: Corpse Rot
  2877 | D:3      | Reached ** piety under Wu Jian
  2937 | D:3      | Slain by an iguana

Illustrated notes

Levels and vault maps discovered:
D:1:      dpeg_arrival_line_fractal, layout_basic,
          shapermc_ecumenical_altar_starsandcircs,
          chequers_serial_rivers_large_b
D:2:      layout_basic, minivault_27, minmay_cut_off, uniq_natasha
D:3:      layout_rooms, grunt_nemelex_the_gamble

Skill      XL: |  1  2  3  4 |
---------------+-------------+-----
Stealth        | 2 |  2.3
Dodging        | 3 |  3.4
Spellcasting   | 3 |  3.1
Fighting       | 1 |  1.3

Action                   |  1- 3 |  4- 6 || total
-------------------------+-------+-------++-------
Melee: Dagger            |       |     1 ||     1
 Cast: Foxfire           |    53 |    15 ||    68
       Scorch            |       |    16 ||    16
Armor: Robe              |     2 |       ||     2
Dodge: Dodged            |    13 |     1 ||    14

Table legend: (Time is in decaauts)
 A = Elapsed time spent in this place.
 B = Non-inter-level travel time spent in this place.
 C = Inter-level travel time spent in this place.
 D = Time resting spent in this place.
 E = Time spent auto-exploring this place.
 F = Levels seen in this place.
 G = Mean time per level.
                   A        B        C        D        E       F      G
               +--------+--------+--------+--------+--------+-----+--------+
         Total |   2936 |   2748 |    188 |    201 |   2270 |   3 |  978.7 |
       Dungeon |   2936 |   2748 |    188 |    201 |   2270 |   3 |  978.7 |
               +--------+--------+--------+--------+--------+-----+--------+

Top non-repeatable levels by time:
     D:2: 1478 daAuts
     D:1: 1305 daAuts
     D:3: 153 daAuts
